[Event "Titled Tuesday Blitz October 18 Late 2022"]
[White "Zierk, Steven"]
[Black "Bilych, Olexiy"]
[WhiteFideId "2034255"]
[BlackFideId "14156504"]
[WhiteElo "2494"]
[BlackElo "2320"]
[Result "0-1"]
[Round "05"]
[TimeControl "180+1"]
[Date "2022.10.18"]
[WhiteClock "0:00:32"]
[BlackClock "0:00:07"]

1. e4 c5 2. Nf3 Nc6 3. Bb5 g6 4. O-O Bg7 5. c3 Nf6 6. Re1 O-O 7. d4 d5 8. e5 Ne4 9. Be3 cxd4 10. cxd4 Qb6 11. Bxc6 bxc6 12. Qc1 Bg4 13. h3 Bf5 14. Nc3 Rab8 15. b3 Nxc3 16. Qxc3 Rfc8 17. Rac1 a5 18. Bd2 Ra8 19. Qc5 Qxc5 20. Rxc5 a4 21. b4 Bd3 22. Rc3 Bb5 23. a3 f6 24. g4 Kf7 25. Kg2 Rf8 26. Bf4 g5 27. Bg3 Rfe8 28. h4 h6 29. Rce3 Rac8 30. Nd2 Rcd8 31. Nb1 gxh4 32. Bxh4 fxe5 33. dxe5 d4 34. Re4 Bc4 35. Kg3 Kg6 36. f4 Bd3 37. f5+ Kh7 38. Nd2 Bxe4 39. Rxe4 Rd5 40. Kf4 c5 41. b5 Kg8 42. f6 Bf8 43. Kf5 exf6 44. Bxf6 Kf7 45. b6 Re6 46. Nc4 Rxf6# 0-1


[Site "https://www.chess.com"]

[Event "Titled Tuesday Blitz October 18 Late 2022"]
[White "Zochowski, Kacper"]
[Black "Kovacevic, Radmila"]
[WhiteFideId "1125494"]
[BlackFideId "933171"]
[WhiteElo "2292"]
[BlackElo "2208"]
[Result "1-0"]
[Round "05"]
[TimeControl "180+1"]
[Date "2022.10.19"]
[WhiteClock "0:01:50"]
[BlackClock "0:01:17"]

1. Nf3 d5 2. c4 d4 3. e3 c5 4. exd4 cxd4 5. g3 Nc6 6. Bg2 e5 7. O-O Bd6 8. Re1 Nge7 9. b4 Nxb4 10. Nxe5 Bxe5 11. Qa4+ Nbc6 12. Rxe5 O-O 13. Re1 Bf5 14. Qa3 d3 15. Bb2 Re8 16. Qc3 f6 17. Na3 Nd4 18. Qxd4 Qa5 19. Qc3 Qc5 20. Nb5 Rad8 21. Ba3 1-0


[Site "https://www.chess.com"]

[Event "Titled Tuesday Blitz October 18 Late 2022"]
[White "Zou, Chen"]
[Black "Bluebaum, Matthias"]
[WhiteFideId "8610959"]
[BlackFideId "24651516"]
[WhiteElo "2325"]
[BlackElo "2633"]
[Result "1-0"]
[Round "05"]
[TimeControl "180+1"]
[Date "2022.10.18"]
[WhiteClock "0:00:24"]
[BlackClock "0:00:02"]

1. e4 e6 2. d4 d5 3. Nd2 c5 4. Ngf3 cxd4 5. Nxd4 Nf6 6. exd5 Nxd5 7. N2f3 Bb4+ 8. Bd2 O-O 9. Bc4 b6 10. Bxb4 Nxb4 11. Qd2 Nd5 12. O-O Bb7 13. Rad1 Nc6 14. Nxc6 Bxc6 15. Ne5 Bb7 16. Bxd5 Bxd5 17. c4 Bb7 18. Qf4 Qc8 19. Rd7 Ba6 20. Rfd1 Qc5 21. h3 Rae8 22. Rxa7 Bc8 23. Rxf7 b5 24. b3 bxc4 25. bxc4 Qa3 26. Rd3 Qxa2 27. Rg3 Qa1+ 28. Kh2 g6 29. Qf6 Qxe5 30. Rxf8+ Rxf8 31. Qxe5 1-0


[Site "https://www.chess.com"]

[Event "Titled Tuesday Blitz October 18 Late 2022"]
[White "Zverev, Lev"]
[Black "Tan, Ralph"]
[WhiteFideId "24250775"]
[BlackFideId "30966590"]
[WhiteElo "2633"]
[BlackElo "2484"]
[Result "1-0"]
[Round "05"]
[TimeControl "180+1"]
[Date "2022.10.19"]
[WhiteClock "0:00:05"]
[BlackClock "0:00:31"]

1. g4 e6 2. Bg2 Ne7 3. c4 Ng6 4. Nc3 Nh4 5. Bh3 d5 6. d4 Be7 7. Bf4 O-O 8. Qd2 b6 9. O-O-O Bb7 10. cxd5 Bxd5 11. e4 Bb7 12. Nge2 Nc6 13. Bg3 a5 14. f4 a4 15. g5 a3 16. Bxh4 axb2+ 17. Kb1 Na5 18. f5 Nc4 19. Qf4 exf5 20. exf5 Bd6 21. Qf2 Bxh1 22. g6 fxg6 23. Bxd8 Raxd8 24. Rxh1 Ba3 25. Nf4 c5 26. Ne6 cxd4 27. Ne4 gxf5 28. Nxd8 Rxd8 29. Bxf5 g6 30. Be6+ Kg7 31. Bxc4 Rf8 32. Qd2 Rd8 33. Qd3 Rd7 34. Rd1 Re7 35. Qxa3 Rxe4 36. Qa7+ Kh6 37. Qxb6 Re3 38. Qxd4 Rh3 39. Qxb2 Rh4 40. Bb3 Rh3 41. a4 Rh5 42. a5 Rxa5 43. Qd2+ Kh5 44. Qxa5+ g5 45. Rg1 h6 46. Qf5 Kh4 47. Qg4# 1-0


[Site "https://www.chess.com"]

[Event "Titled Tuesday Blitz October 18 Late 2022"]
[White "Adewumi, Tanitoluwa"]
[Black "Harvey, Marcus R"]
[WhiteFideId "30966396"]
[BlackFideId "400092"]
[WhiteElo "2539"]
[BlackElo "2457"]
[Result "0-1"]
[Round "06"]
[TimeControl "180+1"]
[Date "2022.10.18"]
[WhiteClock "0:00:16"]
[BlackClock "0:00:18"]

1. e4 e6 2. d4 d5 3. exd5 exd5 4. Nf3 Bd6 5. c4 Nf6 6. c5 Be7 7. Bd3 O-O 8. O-O Bg4 9. h3 Bh5 10. Be3 c6 11. Nbd2 Bg6 12. Bxg6 hxg6 13. Bf4 Nbd7 14. Re1 Re8 15. Qb3 b6 16. Qa4 b5 17. Qa6 Qc8 18. Qxc8 Raxc8 19. a4 b4 20. Nb3 Ne4 21. Nfd2 f5 22. f3 Nxd2 23. Bxd2 Bf6 24. Kf2 Nf8 25. Bxb4 Ne6 26. Bc3 Rb8 27. Ra3 f4 28. Kf1 Kf7 29. Rd1 Bd8 30. Rd2 Bc7 31. Nc1 g5 32. Nd3 g6 33. b4 Ng7 34. b5 Nf5 35. Rb3 Ne3+ 36. Kf2 Re6 37. Rdb2 Nd1+ 38. Kf1 Nxb2 39. Rxb2 Re3 40. Rd2 cxb5 41. a5 b4 42. Nxb4 Rxc3 43. Nxd5 Rc1+ 44. Ke2 Bxa5 45. Ra2 Re8+ 46. Kd3 Rd1+ 47. Kc4 Bd8 48. Rxa7+ Kf8 49. c6 Rc1+ 50. Kb5 Re2 51. Ra8 Rb2+ 52. Nb4 Ke7 53. d5 Bc7 54. Ra7 Kd6 55. Ra4 Rc5+ 56. Ka6 Rxb4 57. Rxb4 Kxd5 58. Kb7 Rxc6 59. Rb5+ Rc5 60. Rxc5+ Kxc5 61. Kxc7 Kd4 62. Kd6 Ke3 63. Ke5 Kf2 64. g4 Kxf3 65. Kf6 Kg3 66. Kxg5 f3 67. h4 f2 68. h5 gxh5 69. gxh5 f1=Q 70. h6 Qf8 71. Kg6 Qh8 72. Kg5 Kh3 73. Kg6 Kh4 74. Kf5 Kh5 0-1


[Site "https://www.chess.com"]

[Event "Titled Tuesday Blitz October 18 Late 2022"]
[White "Aghasiyev, Kamal"]
[Black "Goncalves, Davi Sulzbacher"]
[WhiteFideId "13402854"]
[BlackFideId "2154510"]
[WhiteElo "2341"]
[BlackElo "2182"]
[Result "0-1"]
[Round "06"]
[TimeControl "180+1"]
[Date "2022.10.19"]
[WhiteClock "0:00:47"]
[BlackClock "0:00:10"]

1. d4 Nf6 2. c4 e6 3. Nc3 Bb4 4. Qc2 O-O 5. e4 Bxc3+ 6. bxc3 d6 7. f4 e5 8. fxe5 dxe5 9. d5 c5 10. Nf3 Qc7 11. Be2 Ne8 12. O-O Nd7 13. Bg5 f6 14. Be3 Nd6 15. Nh4 Nb6 16. Kh1 Nbxc4 17. Bxc4 Nxc4 18. Bg1 Nd6 19. h3 Bd7 20. g4 b5 21. Nf5 Bxf5 22. gxf5 a5 23. a3 Rfb8 24. Be3 c4 25. Rf3 b4 26. axb4 axb4 27. Rxa8 Rxa8 28. cxb4 Ra1+ 29. Kg2 c3 30. Bc5 Nb5 31. Rf2 Qb7 32. Qd3 h6 33. Kh2 Kh7 34. Rg2 Nd4 35. Bf8 c2 36. Qe3 c1=Q 0-1


[Site "https://www.chess.com"]

[Event "Titled Tuesday Blitz October 18 Late 2022"]
[White "Aguilar, Juan"]
[Black "Guzman Moneo, Alberto"]
[WhiteFideId "3800091"]
[BlackFideId "2209616"]
[WhiteElo "2446"]
[BlackElo "2157"]
[Result "0-1"]
[Round "06"]
[TimeControl "180+1"]
[Date "2022.10.19"]
[WhiteClock "0:00:02"]
[BlackClock "0:00:45"]

1. d4 Nf6 2. c4 c5 3. d5 b5 4. Nf3 g6 5. a4 b4 6. Nbd2 Bg7 7. e4 O-O 8. Bd3 a5 9. O-O d6 10. Qe2 e5 11. dxe6 Bxe6 12. Ng5 Nc6 13. Nxe6 fxe6 14. Nf3 Nd7 15. Rd1 Nde5 16. Nxe5 dxe5 17. Be3 Nd4 18. Bxd4 exd4 19. Qg4 e5 20. Rf1 Ra6 21. g3 Raf6 22. f4 h5 23. Qg5 exf4 24. gxf4 Rxf4 25. Qd5+ Qxd5 26. cxd5 Be5 27. Rxf4 Rxf4 28. Rc1 Rf3 29. Bc4 Kf8 30. Kg2 Rf4 31. Bd3 Bd6 32. Re1 Be5 33. Rc1 Bd6 34. Re1 Rg4+ 35. Kf2 Bxh2 36. Rc1 Bd6 37. e5 Bxe5 38. Rxc5 Ke7 39. Rxa5 Rh4 40. Ra7+ Kd6 41. Bc4 Rh2+ 42. Kf3 g5 43. Ra6+ Kc7 44. Ke4 Bd6 45. b3 g4 46. Rc6+ Kd7 47. Bb5 Ke7 48. a5 Ra2 49. Rc1 Rxa5 50. Bc4 Ra2 51. Rh1 g3 52. Rxh5 g2 53. Rg5 Kf6 54. Rf5+ Kg6 0-1


[Site "https://www.chess.com"]

[Event "Titled Tuesday Blitz October 18 Late 2022"]
[White "Al-Tarboush, Ward"]
[Black "Gabrielian, Artur"]
[WhiteFideId "7601450"]
[BlackFideId "4131002"]
[WhiteElo "2269"]
[BlackElo "2432"]
[Result "1-0"]
[Round "06"]
[TimeControl "180+1"]
[Date "2022.10.18"]
[WhiteClock "0:01:30"]
[BlackClock "0:00:05"]

1. d4 Nf6 2. Nc3 d5 3. Bg5 Nbd7 4. Nf3 h6 5. Bh4 e6 6. e3 Be7 7. Bd3 c5 8. O-O c4 9. Be2 a6 10. Ne5 Nxe5 11. dxe5 Nd7 12. Bxe7 Qxe7 13. Qd4 Qc5 14. f4 b5 15. f5 Qxd4 16. exd4 Ke7 17. fxe6 fxe6 18. Bh5 Rf8 19. Ne2 Rxf1+ 20. Rxf1 g5 21. Rf7+ Kd8 22. Rh7 b4 23. Rxh6 a5 24. Rxe6 Ra6 25. Rxa6 Bxa6 26. Bf7 Nb6 27. g3 Ke7 28. Bg6 Na4 29. b3 Nb2 30. Kf2 a4 31. h4 gxh4 32. gxh4 cxb3 33. cxb3 a3 34. Ke1 Nd3+ 35. Bxd3 Bxd3 36. Nf4 Be4 37. Kd2 Kf7 38. Nd3 1-0


[Site "https://www.chess.com"]

[Event "Titled Tuesday Blitz October 18 Late 2022"]
[White "Aldokhin, Ivan"]
[Black "Jobava, Baadur"]
[WhiteFideId "24115720"]
[BlackFideId "13601520"]
[WhiteElo "2313"]
[BlackElo "2582"]
[Result "0-1"]
[Round "06"]
[TimeControl "180+1"]
[Date "2022.10.18"]
[WhiteClock "0:00:01"]
[BlackClock "0:01:14"]

1. e4 e6 2. d4 d5 3. Nc3 dxe4 4. Nxe4 Bd7 5. Nf3 Bc6 6. Bd3 Nd7 7. Qe2 Ngf6 8. Neg5 Qe7 9. O-O h6 10. Ne4 Nxe4 11. Bxe4 Bxe4 12. Qxe4 O-O-O 13. Qe2 g5 14. Be3 Bg7 15. Rfd1 g4 16. Nd2 h5 17. Ne4 f5 18. Bg5 Nf6 19. Nc5 Rhe8 20. Nxb7 Kxb7 21. Qb5+ Kc8 22. Qa6+ Kd7 23. Qb5+ c6 24. Qb7+ Kd6 25. Bf4+ e5 26. dxe5+ Ke6 27. Qxc6+ Kf7 28. Rxd8 Rxd8 29. exf6 Bxf6 30. Qc4+ Kg6 31. Rf1 Bxb2 32. Qc6+ Bf6 33. Qb5 Qe4 34. Bg3 h4 35. Bxh4 Bxh4 36. Qa6+ Bf6 37. Qa5 Qxc2 0-1


[Site "https://www.chess.com"]

[Event "Titled Tuesday Blitz October 18 Late 2022"]
[White "Alexikov, Alexander"]
[Black "Floresvillar Gonzalez, Luis Migu"]
[WhiteFideId "14103958"]
[BlackFideId "5100542"]
[WhiteElo "2222"]
[BlackElo "2040"]
[Result "1-0"]
[Round "06"]
[TimeControl "180+1"]
[Date "2022.10.19"]
[WhiteClock "0:01:48"]
[BlackClock "0:00:11"]

1. e4 e6 2. d4 d5 3. Nc3 dxe4 4. Nxe4 Nd7 5. Nf3 Ngf6 6. Nxf6+ Nxf6 7. Ne5 c5 8. Bb5+ Bd7 9. Bxd7+ Nxd7 10. Bf4 cxd4 11. Qxd4 Nxe5 12. Qxe5 Qd5 13. Qxd5 exd5 14. O-O-O O-O-O 15. Rd3 Bc5 16. Rc3 b6 17. b4 d4 18. Rc4 Rd5 19. bxc5 bxc5 20. Rd1 Rhd8 21. c3 dxc3 22. Rxd5 Rxd5 23. Be3 Kb7 24. Rxc5 Rd6 25. Rxc3 Rg6 26. g3 h5 27. h3 Ra6 28. a3 g6 29. h4 Re6 30. Kc2 a6 31. Rc4 f5 32. a4 Re7 33. Rb4+ Kc7 34. a5 Re6 35. Rb6 Rxb6 36. axb6+ Kc6 37. Kc3 a5 38. Kc4 1-0


[Site "https://www.chess.com"]

[Event "Titled Tuesday Blitz October 18 Late 2022"]
[White "Andreikin, Dmitry"]
[Black "Sadhwani, Raunak"]
[WhiteFideId "4158814"]
[BlackFideId "35093487"]
[WhiteElo "2736"]
[BlackElo "2656"]
[Result "1/2-1/2"]
[Round "06"]
[TimeControl "180+1"]
[Date "2022.10.18"]
[WhiteClock "0:00:02"]
[BlackClock "0:00:02"]

1. d4 Nf6 2. c4 e6 3. Nf3 d5 4. g3 Bb4+ 5. Nbd2 O-O 6. Bg2 b6 7. O-O Bb7 8. Ne5 Nbd7 9. Qa4 Bd6 10. Nxd7 Qxd7 11. Qxd7 Nxd7 12. cxd5 Bxd5 13. e4 Bb7 14. Rd1 Be7 15. Nc4 Nf6 16. f3 Rfd8 17. Be3 Rac8 18. Bh3 Nd7 19. Bf4 g6 20. Rac1 f5 21. Bg2 Nf6 22. Bg5 Kg7 23. Bxf6+ Bxf6 24. e5 Be7 25. f4 Bxg2 26. Kxg2 c5 27. Ne3 cxd4 28. Rxc8 Rxc8 29. Rxd4 Rc7 30. Kf3 Kf7 31. a4 Ke8 32. Nc4 Rd7 33. Rxd7 Kxd7 34. Nd2 Kc6 35. Nb3 Kd5 36. Ke2 Kc4 37. Nd2+ Kb4 38. Nf3 Kb3 39. Nd4+ Kxb2 40. Kd3 Ka3 41. Nxe6 Kxa4 42. Nd4 b5 43. Nc6 Bc5 44. e6 b4 45. Kc4 Bf8 46. e7 Bxe7 47. Nxe7 b3 48. Nd5 b2 49. Nc3+ Ka3 50. h3 h5 51. h4 a6 52. Kd3 Kb3 53. Nb1 a5 54. Nd2+ Ka2 55. Kc2 a4 56. Nb1 Ka1 57. Nd2 Ka2 58. Nb1 Ka1 59. Nd2 Ka2 1/2-1/2


[Site "https://www.chess.com"]

[Event "Titled Tuesday Blitz October 18 Late 2022"]
[White "Ardila, Oscar Humberto"]
[Black "Aggelis, Nikolaos"]
[WhiteFideId "4404742"]
[BlackFideId "4213220"]
[WhiteElo "1898"]
[BlackElo "2187"]
[Result "1-0"]
[Round "06"]
[TimeControl "180+1"]
[Date "2022.10.19"]
[WhiteClock "0:00:05"]
[BlackClock "0:00:02"]

1. d4 Nf6 2. c4 e6 3. Nc3 Bb4 4. Bd2 O-O 5. Nf3 Re8 6. e3 d5 7. Be2 b6 8. O-O Bb7 9. Rc1 Nbd7 10. Qc2 Bf8 11. cxd5 exd5 12. Qf5 c6 13. Bd3 Bc8 14. Qg5 h6 15. Qh4 c5 16. Bf5 Bb7 17. Qh3 g6 18. Bxd7 Nxd7 19. Ne2 Nf6 20. Ne5 Ne4 21. Bc3 Qg5 22. f4 Qe7 23. f5 Bc8 24. g4 Qg5 25. fxg6 fxg6 26. Nf4 Rxe5 27. dxe5 Bxg4 28. Qg2 Qh5 29. e6 Nxc3 30. bxc3 Bd6 31. Qg3 Bxe6 32. Qf3 Bf5 33. Qxd5+ Kh7 34. Qxd6 Qg5+ 35. Ng2 Rd8 36. Qf4 Qh5 37. Rce1 Rd2 38. Rf2 Rxf2 39. Qxf2 Qg5 40. e4 Bxe4 41. Rxe4 Qc1+ 42. Re1 Qxc3 43. Rf1 h5 44. Qf7+ Kh6 45. Qf4+ Kh7 46. Qf7+ Kh6 47. h4 Qd4+ 48. Qf2 Qc4 49. Qf8+ Kh7 50. Rf7+ 1-0


[Site "https://www.chess.com"]

[Event "Titled Tuesday Blitz October 18 Late 2022"]
[White "Arnold, Ken"]
[Black "Reprintsev, Alexander"]
[WhiteFideId "2056836"]
[BlackFideId "14100541"]
[WhiteElo "2334"]
[BlackElo "2230"]
[Result "0-1"]
[Round "06"]
[TimeControl "180+1"]
[Date "2022.10.19"]
[WhiteClock "0:00:11"]
[BlackClock "0:01:05"]

1. g4 d5 2. Bg2 Bxg4 3. c4 dxc4 4. Bxb7 Nd7 5. Bc6 e5 6. Qa4 Ne7 7. Qxc4 Be6 8. Qc2 Nxc6 9. Qxc6 Bd6 10. Nc3 O-O 11. Nf3 f5 12. d3 h6 13. Rg1 Kh7 14. h4 Rb8 15. Bg5 Qe8 16. Be3 Rxb2 17. Rb1 Rxb1+ 18. Nxb1 Bxa2 19. Nc3 Be6 20. Bxa7 Qa8 21. Qa4 Nc5 22. Bxc5 Bxc5 23. Qc2 Qa1+ 24. Kd2 Qa5 25. e3 e4 26. dxe4 Rd8+ 27. Nd4 Bxd4 28. exd4 Rxd4+ 29. Kc1 Qa1+ 30. Nb1 Rc4 31. Qxc4 Bxc4 0-1


[Site "https://www.chess.com"]

[Event "Titled Tuesday Blitz October 18 Late 2022"]
[White "Bach, Matthias"]
[Black "Poliakova, Varvara"]
[WhiteFideId "4603168"]
[BlackFideId "13518313"]
[WhiteElo "2165"]
[BlackElo "1938"]
[Result "0-1"]
[Round "06"]
[TimeControl "180+1"]
[Date "2022.10.19"]
[WhiteClock "0:00:27"]
[BlackClock "0:00:40"]

1. d4 f5 2. e4 fxe4 3. Nc3 Nf6 4. f3 g6 5. fxe4 d6 6. Bc4 e6 7. Bg5 h6 8. Bh4 g5 9. Bg3 Bg7 10. Nf3 Nc6 11. O-O O-O 12. d5 Na5 13. Bd3 Nh5 14. Qd2 Nxg3 15. hxg3 b6 16. Nh2 Rxf1+ 17. Rxf1 Nb7 18. Qe2 Nc5 19. Ng4 Nxd3 20. cxd3 Qe7 21. e5 dxe5 22. Qe4 Bd7 23. Qg6 Rf8 24. Nxh6+ Kh8 25. Nf7+ Kg8 26. Nh6+ Kh8 27. Rxf8+ Qxf8 28. Nf7+ Kg8 29. Nxg5 Qf5 30. Qh7+ Qxh7 0-1


[Site "https://www.chess.com"]

[Event "Titled Tuesday Blitz October 18 Late 2022"]
[White "Bazeev, German"]
[Black "Ozdemir, Serhan Berat"]
[WhiteFideId "24119350"]
[BlackFideId "6374611"]
[WhiteElo "2493"]
[BlackElo "2016"]
[Result "0-1"]
[Round "06"]
[TimeControl "180+1"]
[Date "2022.10.18"]
[WhiteClock "0:00:12"]
[BlackClock "0:00:05"]

1. d4 Nf6 2. Nf3 g6 3. c4 Bg7 4. Nc3 O-O 5. Bg5 c5 6. e3 cxd4 7. Nxd4 Qa5 8. Bxf6 Bxf6 9. Be2 Nc6 10. O-O Nxd4 11. exd4 Qb6 12. Nd5 Qxd4 13. Nxe7+ Kg7 14. Nxc8 Raxc8 15. Rb1 Rfe8 16. b3 d6 17. Bf3 b6 18. Qc1 a5 19. Rd1 Qc5 20. Qd2 Rcd8 21. g3 h5 22. h4 Be5 23. Kg2 Re6 24. Qc2 Rf6 25. Rd5 Qc7 26. Re1 Re8 27. Qd3 Rfe6 28. Rd1 Rf6 29. Rb5 Bb2 30. Rd2 Ba3 31. Rg5 Bc1 32. Rd5 Bxd2 33. Qxd2 Re5 34. Rd4 Qc5 35. Bd5 Ref5 36. f4 Qc7 37. Qe3 Qc5 38. Kf3 b5 39. Re4 Rxd5 40. cxd5 Qxd5 41. Qd4 Qxd4 42. Rxd4 a4 43. Rd5 axb3 44. axb3 Rf5 45. Rxd6 Rc5 46. Ke4 Rc3 47. Rd3 Rc2 48. Kd4 Kf6 49. Rc3 Rxc3 50. Kxc3 Kf5 51. Kb4 Kg4 52. Kxb5 Kxg3 53. Kc5 Kxh4 54. b4 Kg4 55. b5 h4 56. b6 h3 57. b7 h2 58. b8=Q h1=Q 59. Qe5 Qc1+ 0-1


[Site "https://www.chess.com"]

[Event "Titled Tuesday Blitz October 18 Late 2022"]
[White "Becerra, Juan David"]
[Black "Zverev, Lev"]
[WhiteFideId "4404998"]
[BlackFideId "24250775"]
[WhiteElo "2278"]
[BlackElo "2207"]
[Result "0-1"]
[Round "06"]
[TimeControl "180+1"]
[Date "2022.10.19"]
[WhiteClock "0:00:15"]
[BlackClock "0:00:10"]

1. e4 e5 2. Nf3 Nc6 3. Bb5 Nd4 4. Nxd4 exd4 5. O-O Qg5 6. Ba4 Nf6 7. d3 Qh4 8. Nd2 c6 9. Nf3 Qh5 10. e5 Nd5 11. Nxd4 Qh4 12. c3 c5 13. Nf3 Qg4 14. h3 Qg6 15. c4 Nc7 16. d4 cxd4 17. Bc2 Qh5 18. Nxd4 Qxd1 19. Rxd1 b6 20. Be4 Rb8 21. Nf5 Bb7 22. Bxb7 Rxb7 23. b3 Ne6 24. a4 a5 25. Be3 Bb4 26. c5 O-O 27. cxb6 Bc5 28. Nd6 Rxb6 29. Nb5 Bxe3 30. fxe3 Nc5 31. Rd5 Ne4 32. Rxd7 h6 33. Rc1 Re6 34. Rd5 f6 35. Rc7 fxe5 36. Nc3 Ng3 37. Rd1 h5 38. h4 g5 39. hxg5 h4 40. Kh2 Rg6 41. Kh3 Rxg5 42. Rcd7 Nf5 43. Ne4 Rg6 44. Rd8 Nxe3 45. Rxf8+ Kxf8 46. Rd8+ Ke7 47. Ra8 Nxg2 48. Ra7+ Ke6 49. Ra6+ Kf5 50. Nd6+ Kf4 51. Ra8 Kf3 52. Nf5 Nf4+ 53. Kh2 Rg2+ 54. Kh1 Rg5 55. Nxh4+ Kg3 56. Rh8 Kf2 57. Rf8 Rh5 0-1


[Site "https://www.chess.com"]

[Event "Titled Tuesday Blitz October 18 Late 2022"]
[White "Besedes, Danilo"]
[Black "Ozer, Omer Faruk"]
[WhiteFideId "946796"]
[BlackFideId "6354564"]
[WhiteElo "2352"]
[BlackElo "2260"]
[Result "1-0"]
[Round "06"]
[TimeControl "180+1"]
[Date "2022.10.19"]
[WhiteClock "0:01:44"]
[BlackClock "0:01:59"]

1. d4 d5 2. Bf4 Nc6 3. e3 g6 4. c4 Nf6 5. Nc3 Bg7 6. cxd5 Nxd5 7. Nxd5 Qxd5 8. Ne2 e5 9. Nc3 Qa5 10. dxe5 Nxe5 11. Bb5+ c6 12. Qd6 Nd7 13. O-O-O Bxc3 14. bxc3 Qxb5 15. Rd4 f5 16. Qe6+ Kd8 17. Qf6+ Ke8 18. Qxh8+ Ke7 19. Qxh7+ 1-0


[Site "https://www.chess.com"]

[Event "Titled Tuesday Blitz October 18 Late 2022"]
[White "Bettalli, Francesco"]
[Black "Tarnowska, Aleksandra"]
[WhiteFideId "2816453"]
[BlackFideId "1180967"]
[WhiteElo "2216"]
[BlackElo "1776"]
[Result "0-1"]
[Round "06"]
[TimeControl "180+1"]
[Date "2022.10.19"]
[WhiteClock "0:00:38"]
[BlackClock "0:00:07"]

1. d4 d5 2. Nc3 Nf6 3. Bg5 e6 4. e4 dxe4 5. Nxe4 Be7 6. Bxf6 Bxf6 7. Nf3 b6 8. Bd3 Bb7 9. O-O Nd7 10. Qe2 h6 11. c4 O-O 12. Rad1 Re8 13. Ne5 Nxe5 14. Nxf6+ Qxf6 15. dxe5 Qg5 16. f4 Qh4 17. Be4 Bxe4 18. Qxe4 Rad8 19. g3 Qe7 20. Qc6 h5 21. a3 h4 22. b4 g6 23. Kg2 Kg7 24. g4 Rxd1 25. Rxd1 Rd8 26. Qf3 Rxd1 27. Qxd1 Qe8 28. Kh3 Qc6 29. Qe2 Qd7 30. Kxh4 Qd4 31. Qf1 Qb2 32. Qh3 Qd4 33. Kg5 f6+ 34. Kh4 fxe5 35. fxe5 Qxe5 36. Qg3 Qf6+ 37. Kh3 Qf1+ 38. Kh4 g5+ 39. Kh5 Qf7+ 40. Kxg5 Qf6+ 41. Kh5 Qh6# 0-1


[Site "https://www.chess.com"]

[Event "Titled Tuesday Blitz October 18 Late 2022"]
[White "Bilych, Olexiy"]
[Black "Pranav, V"]
[WhiteFideId "14156504"]
[BlackFideId "25060783"]
[WhiteElo "2320"]
[BlackElo "2430"]
[Result "1-0"]
[Round "06"]
[TimeControl "180+1"]
[Date "2022.10.18"]
[WhiteClock "0:01:40"]
[BlackClock "0:00:10"]

1. d4 Nf6 2. c4 g6 3. h4 Bg7 4. Nc3 d6 5. e4 h5 6. Be2 Nbd7 7. Nf3 e5 8. d5 Nc5 9. Qc2 a5 10. Ng5 c6 11. Be3 Nfd7 12. O-O-O Qe7 13. Qd2 Bf8 14. f4 a4 15. f5 Nf6 16. fxg6 fxg6 17. Rhf1 Bg4 18. Bxc5 dxc5 19. d6 Qd8 20. Bxg4 hxg4 21. d7+ Nxd7 22. Nf7 Rh7 23. Nxd8 Bh6 24. Ne6 Bxd2+ 25. Rxd2 Ke7 26. Ng5 Rg7 27. Rdf2 Rh8 28. Rf7+ Rxf7 29. Rxf7+ Kd6 30. g3 Rb8 31. Rg7 b5 32. Rxg6+ Kc7 33. cxb5 cxb5 34. Nd5+ Kb7 35. Rd6 Nf8 36. Rb6+ 1-0


[Site "https://www.chess.com"]

[Event "Titled Tuesday Blitz October 18 Late 2022"]
[White "Bjelobrk, Igor"]
[Black "Girsh, Daniel"]
[WhiteFideId "4300726"]
[BlackFideId "30949190"]
[WhiteElo "2335"]
[BlackElo "2075"]
[Result "1-0"]
[Round "06"]
[TimeControl "180+1"]
[Date "2022.10.19"]
[WhiteClock "0:01:01"]
[BlackClock "0:00:36"]

1. Nf3 d5 2. c4 e6 3. g3 Nf6 4. Bg2 Be7 5. O-O O-O 6. d4 dxc4 7. Qc2 b5 8. a4 b4 9. Nfd2 Nd5 10. Nxc4 c5 11. dxc5 Bxc5 12. e4 Nb6 13. Ncd2 Qc7 14. Nb3 Bd6 15. Qxc7 Bxc7 16. a5 Ba6 17. axb6 Bxb6 18. e5 Bxf1 19. Kxf1 Nd7 20. Bxa8 Rxa8 21. f4 Rc8 22. Ke2 Rc2+ 23. N1d2 f6 24. exf6 Nxf6 25. Kd3 Rc8 26. Nc4 Bg1 27. h3 Rd8+ 28. Ke2 Nh5 29. Be3 Nxg3+ 30. Kf3 Bxe3 31. Nxe3 Rd3 32. Nc5 Rd2 33. Kxg3 Rxb2 34. Rxa7 h6 35. Nxe6 b3 36. Rxg7+ Kh8 37. Rb7 Rb1 38. Kf3 b2 39. f5 h5 40. f6 h4 41. f7 Kh7 42. f8=Q+ Kg6 43. Qf5+ Kh6 44. Rh7# 1-0


[Site "https://www.chess.com"]

[Event "Titled Tuesday Blitz October 18 Late 2022"]
[White "Bluebaum, Matthias"]
[Black "Yi, Richard"]
[WhiteFideId "24651516"]
[BlackFideId "2079518"]
[WhiteElo "2633"]
[BlackElo "2147"]
[Result "1-0"]
[Round "06"]
[TimeControl "180+1"]
[Date "2022.10.18"]
[WhiteClock "0:01:51"]
[BlackClock "0:00:25"]

1. d4 Nf6 2. c4 g6 3. Nc3 d5 4. cxd5 Nxd5 5. e4 Nxc3 6. bxc3 Bg7 7. Nf3 c5 8. Bb5+ Bd7 9. Be2 O-O 10. O-O cxd4 11. cxd4 Bg4 12. Rb1 Bxf3 13. Bxf3 Qxd4 14. Rxb7 Nc6 15. Be3 Qxd1 16. Rxd1 Rab8 17. Rc7 Rfc8 18. Rxc8+ Rxc8 19. Rc1 e5 20. Bg4 Rc7 21. h4 h5 22. Be2 Nd4 23. Rxc7 Nxe2+ 24. Kf1 Nd4 25. Bxd4 exd4 26. Rxa7 1-0


[Site "https://www.chess.com"]

[Event "Titled Tuesday Blitz October 18 Late 2022"]
[White "Bogaudinov, Rushan"]
[Black "Petrovic, Aleksa"]
[WhiteFideId "4129288"]
[BlackFideId "967629"]
[WhiteElo "1945"]
[BlackElo "2242"]
[Result "0-1"]
[Round "06"]
[TimeControl "180+1"]
[Date "2022.10.19"]
[WhiteClock "0:01:19"]
[BlackClock "0:02:04"]

1. e4 c6 2. d4 d5 3. exd5 cxd5 4. Bd3 Nc6 5. c3 e5 6. dxe5 Nxe5 7. Be2 Nf6 8. Nf3 Nc6 9. O-O Bc5 10. Nbd2 O-O 11. Nb3 Bb6 12. Bg5 Qd6 13. g3 Bh3 14. Re1 Ne4 15. Nfd4 Nxg5 16. f4 Ne6 17. Bf3 Nexd4 18. cxd4 Bf5 19. Kg2 Rfe8 20. Re5 Nxe5 21. dxe5 Qg6 22. Qxd5 h5 23. Qxb7 h4 24. Qxa8 Rxa8 25. Bxa8 Be4+ 26. Bxe4 Qxe4+ 27. Kh3 Qf5+ 28. Kg2 h3+ 29. Kf3 g5 30. Rd1 g4+ 31. Ke2 Qe4+ 32. Kd2 Qg2+ 33. Kc3 Qxh2 34. Rd3 Qg2 35. f5 h2 36. e6 h1=Q 0-1


[Site "https://www.chess.com"]

[Event "Titled Tuesday Blitz October 18 Late 2022"]
[White "Bortnyk, Mykola"]
[Black "Firouzja, Alireza"]
[WhiteFideId "14120836"]
[BlackFideId "12573981"]
[WhiteElo "2582"]
[BlackElo "2903"]
[Result "0-1"]
[Round "06"]
[TimeControl "180+1"]
[Date "2022.10.18"]
[WhiteClock "0:00:03"]
[BlackClock "0:00:09"]

1. e4 c6 2. d4 d5 3. Nc3 dxe4 4. Nxe4 Bf5 5. Ng3 Bg6 6. h4 h6 7. Nh3 Nf6 8. Nf4 Bh7 9. c3 e6 10. Nfh5 Nbd7 11. Bc4 Nd5 12. Qf3 Qc7 13. O-O Rg8 14. Re1 Be7 15. Bb3 g5 16. hxg5 hxg5 17. c4 g4 18. Qe2 Nb4 19. d5 O-O-O 20. dxe6 fxe6 21. Qxe6 Bc5 22. Bf4 Bxf2+ 23. Kxf2 Nd3+ 24. Kg1 Nxf4 25. Nxf4 Qxf4 26. Qe3 Qc7 27. c5 Rgf8 28. Be6 Kb8 29. Bxd7 Qxd7 30. Qe7 Qd4+ 31. Qe3 Qxb2 32. Rad1 Bg8 33. Rxd8+ Rxd8 34. Qf4+ Ka8 35. Qd6 Rb8 36. a4 Bd5 37. Re2 Qa1+ 38. Kf2 Qd4+ 39. Ke1 Rh8 40. Qe5 Qb4+ 41. Kf2 Qxc5+ 42. Re3 Rf8+ 43. Kg1 a6 44. Kh2 Qc1 45. Nh5 Qd2 46. Re2 Qh6 47. Kg3 Rh8 48. Kxg4 Rg8+ 49. Kh4 Bxg2 50. Re3 Bd5 51. Rh3 Bf7 52. Rf3 Bxh5 53. Qxh5 Qc1 54. Qf7 Qh1+ 55. Rh3 Qe1+ 56. Kh5 Qe5+ 57. Kh6 Rh8+ 58. Kg6 Rxh3 59. Qf8+ Ka7 60. Qf2+ c5 0-1


[Site "https://www.chess.com"]